 Dungeon Crawl Stone Soup version 0.26-b1-32-g5d43845318 (webtiles) character file.

Game seed: 4087401140960998032

114 jmlagarto the Bolt Thrower (level 5, -1/48 HPs)
             Began as a Kobold Hunter on Jan 12, 2021.
             Succumbed to a gnoll's poison
             ... on level 2 of the Dungeon.
             The game lasted 00:03:30 (1280 turns).

jmlagarto the Bolt Thrower (Kobold Hunter)          Turns: 1280, Time: 00:03:30

Health: -1/48      AC: 22    Str: 10      XL:     5   Next: 19%
Magic:  5/5        EV:  3    Int: 11 (12) God:
Gold:   89         SH:  0    Dex: 15 (16) Spells: 4/4 levels left

rFire    . . .     SeeInvis .   b - +0 short sword
rCold    . . .     Faith    .   (shield restricted)
rNeg     + + +     Spirit   .   (armour currently unavailable)
rPois    +         Reflect  .   (helmet currently unavailable)
rElec    .         Harm     .   (cloak currently unavailable)
rCorr    .         Rampage  .   (gloves currently unavailable)
Will     .....     NoTele   +   (boots currently unavailable)
Stlth    +++.......             (no amulet)
HPRegen  0.16/turn              (no ring)
MPRegen  0.09/turn              (no ring)

@: brilliant, lethally poisoned (-1 -> -21), tree-form
A: small, nightstalker 3
a: no special abilities


You were on level 2 of the Dungeon.
You were a tree.
You visited 1 branch of the dungeon, and saw 2 of its levels.

You collected 89 gold pieces.

Inventory:

Hand Weapons
 a - a +1 hand crossbow
 b - a +0 short sword (weapon)
Missiles
 s - 19 arrows
 t - 3 stones (quivered)
Armour
 c - a +0 leather armour (melded)
 e - a +1 hat (melded)
 h - a +1 cloak (melded)
Wands
 j - a wand of iceblast (19)
 p - a wand of disintegration (9)
Scrolls
 f - a scroll of identify {unknown}
 i - a scroll of immolation {unknown}
 k - 2 scrolls of teleportation
 n - a scroll of fear {unknown}
 r - a scroll of enchant weapon {unknown}
Potions
 d - a potion of degeneration
 q - a potion of invisibility {unknown}


   Skills:
 + Level 3.1 Fighting
 + Level 5.9 Crossbows
 + Level 3.4 Dodging
 + Level 3.2 Stealth


You had 4 spell levels left.
You didn't know any spells.
Your spell library was empty.

Dungeon Overview and Level Annotations

Branches:
Dungeon (2/15)

Altars:


Innate Abilities, Weirdness & Mutations

You are small and have problems with some larger weapons.
You are completely attuned to the shadows.


Message History

The gnoll hits you but does no damage.
You feel your strength returning.
You hit the gnoll.
The gnoll is moderately wounded.
* * * LOW HITPOINT WARNING * * *
You feel sick. The bat hits you but does no damage.
The gnoll hits you but does no damage.
You hit the gnoll but do no damage.
The gnoll is moderately wounded.
* * * LOW HITPOINT WARNING * * *
You feel sick. The bat hits you but does no damage. x2
The gnoll hits you but does no damage.
You closely miss the gnoll.
The gnoll is moderately wounded.
* * * LOW HITPOINT WARNING * * *
You feel sick. The bat completely misses you.
The gnoll hits you but does no damage.
You hit the gnoll but do no damage.
The gnoll is moderately wounded.
You die... .....#.)(#.### gg?.

.....#...#.... .>..
.....#...#.... ######## ....
...##.###.##..
#......####.(.....#...#.#...#.#..
..........((.r.(...b##.##...##.##
#......########(....#.#...#...#.#
######## ####))##.##..###.÷##.
.#.#.# #...♣.# #.....###..÷#
.†...# #..g..###..######...#
##..## #.........## ###.....
#....########.........## #)÷.#...
###†.#.......†.........# #÷######
#.####.##########...##.# #†#
..†....# ##..##.###.# ########
#<.)....... ##.########.


You could see a gnoll and a bat.

Vanquished Creatures
  2 gnolls (D:2)
  4 adders (D:2)
  3 worms (D:2)
  3 dart slugs (D:1)
  8 goblins
  6 hobgoblins
  4 kobolds
  3 quokkas (D:2)
  4 bats
  4 frilled lizards
  7 rats
48 creatures vanquished.

Notes
Turn   | Place    | Note
-------+----------+-------------------------------------------
     0 | D:1      | jmlagarto the Kobold Hunter began the quest for the Orb.
     0 | D:1      | Reached XP level 1. HP: 12/12 MP: 1/1
    82 | D:1      | Reached skill level 5 in Crossbows
   142 | D:1      | Reached XP level 2. HP: 17/17 MP: 2/2
   401 | D:1      | Reached XP level 3. HP: 22/22 MP: 3/3
   770 | D:2      | Reached XP level 4. HP: 20/27 MP: 4/4
  1272 | D:2      | Reached XP level 5. HP: 22/32 MP: 5/5
  1279 | D:2      | HP: 1/48 [poisoned by a gnoll]
  1280 | D:2      | Succumbed to a gnoll's poison

Illustrated notes

Levels and vault maps discovered:
D:1:      minmay_arrival_hallway, layout_basic, hangedman_decor_push
D:2:      minmay_wonky_spiral, layout_basic, minmay_vboxes

Skill      XL: |  1  2  3  4 |
---------------+-------------+-----
Crossbows      | 5 |  5.9
Stealth        | 2 3 |  3.2
Dodging        | 3 |  3.4
Fighting       | 3 |  3.1

Action                   |  1- 3 |  4- 6 || total
-------------------------+-------+-------++-------
Melee: Short sword       |       |    34 ||    34
 Fire: Hand crossbow     |    61 |    25 ||    86
Evoke: Wand              |     1 |     3 ||     4
  Use: Scroll            |     2 |       ||     2
       Potion            |       |     6 ||     6
Armor: Leather armour    |    13 |    17 ||    30
       Skin              |       |     9 ||     9
Dodge: Dodged            |    31 |    60 ||    91
